 Dungeon Crawl Stone Soup version 0.28.0-47-ge53b351184 (webtiles) character file.

Game seed: 15053022855218908961

69250 Zeld the Stormcaller (level 15, -22/95 HPs)
             Began as a Tengu Air Elementalist on Apr 28, 2022.
             Was a High Priest of Vehumet.
             Annihilated by a two-headed ogre
             ... wielding a +0 giant club
              (26 damage)
             ... on level 1 of the Orcish Mines.
             The game lasted 00:46:43 (29824 turns).

Zeld the Stormcaller (Tengu Air Elementalist)      Turns: 29824, Time: 00:46:43

Health: -22/95     AC: 11    Str: 14    XL:     15   Next: 29%
Magic:  34/39      EV: 18    Int: 26    God:    Vehumet [*****.]
Gold:   220        SH:  0    Dex: 15    Spells: 15/35 levels left

rFire   . . .      SeeInvis .   a - +7 scimitar "Killer Klown's Regret" {vorpal, Str+5 Int+4}
rCold   . . .      Faith    .   (no shield)
rNeg    . . .      Spirit   .   j - +3 ring mail {rPois}
rPois   +          Reflect  .   (helmet restricted)
rElec   .          Harm     .   f - scarf {repulsion}
rCorr   .          Rampage  .   n - +0 pair of gloves
Will    +....                   (boots unavailable)
Stlth   ++++......              d - amulet of magic regeneration
HPRegen 0.25/turn               B - ring of magical power
MPRegen 0.66/turn               D - ring of wizardry

@: about to teleport, flying quickly and evasively, repel missiles, quick
A: beak, talons 3, nimble flight
a: Renounce Religion


You were on level 1 of the Orcish Mines.
You worshipped Vehumet.
Vehumet was extremely pleased with you.
You visited 4 branches of the dungeon, and saw 21 of its levels.
You also visited: Ossuary and Bailey.

You collected 1767 gold pieces.
You spent 1547 gold pieces at shops.

Inventory:

Hand Weapons
 a - the +7 scimitar "Killer Klown's Regret" (weapon) {vorpal, Str+5 Int+4}
   (You bought it in a shop on level 10 of the Dungeon)

   It inflicts extra damage upon your enemies.
   Str:       It affects your strength (+5).
   Int:       It affects your intelligence (+4).
Armour
 f - a scarf of repulsion (worn)
 j - a +3 ring mail of poison resistance (worn)
 n - a +0 pair of gloves (worn)
Jewellery
 d - an amulet of magic regeneration (around neck)
 A - a ring of protection from fire
 B - a ring of magical power (left hand)
 D - a ring of wizardry (right hand)
Wands
 l - a wand of polymorph (8)
 p - a wand of acid (8)
 v - a wand of flame (13)
 C - a wand of iceblast (5)
 I - a wand of charming (6)
Scrolls
 c - 5 scrolls of teleportation
 e - 5 scrolls of magic mapping
 q - 2 scrolls of amnesia
 r - 2 scrolls of enchant armour
 t - a scroll of summoning
 u - 3 scrolls of enchant weapon
 w - 2 scrolls of fear
 x - a scroll of silence
 y - 2 scrolls of brand weapon
 H - 2 scrolls of holy word
 J - a scroll of vulnerability {unknown}
 M - a scroll of identify
Potions
 b - a potion of cancellation {unknown}
 g - a potion of magic {unknown}
 h - a potion of experience {unknown}
 i - a potion of haste {unknown}
 k - a potion of resistance {unknown}
 m - 14 potions of curing
 o - 4 potions of brilliance {unknown}
 s - 2 potions of flight {unknown}
 z - a potion of lignification {unknown}
 F - 4 potions of might {unknown}
 G - a potion of heal wounds
 L - 2 potions of invisibility {unknown}
Miscellaneous
 E - a box of beasts
 K - a tin of tremorstones (2/2)


   Skills:
 * Level 11.6 Fighting
 * Level 3.4 Long Blades
 + Level 8.8 Armour
 + Level 9.3 Dodging
 + Level 9.2 Stealth
 * Level 10.9 Spellcasting
 + Level 10.9 Conjurations
 - Level 15.0 Air Magic
 + Level 8.3 Evocations


You had 15 spell levels left.
You knew the following spells:

 Your Spells              Type           Power      Damage    Failure   Level
a - Shock                 Conj/Air       100%       1d9       1%          1
b - Static Discharge      Conj/Air       69%        N/A       1%          2
c - Swiftness             Air            75%        N/A       1%          3
d - Airstrike             Air            37%        N/A       1%          4
e - Lightning Bolt        Conj/Air       34%        1d52      1%          5
f - Iskenderun's Battles  Conj           63%        2d11      1%          5

Your spell library contained the following spells:

 Spells                   Type           Power      Damage    Failure   Level
 Magic Dart               Conj           100%       1d8       1%          1
 Corpse Rot               Necr/Air       100%       N/A       1%          2
 Poisonous Vapours        Pois/Air       100%       N/A       1%          2
 Searing Ray              Conj           100%       2d8       1%          2
 Mephitic Cloud           Conj/Pois/Air  56%        N/A       1%          3
 Fulminant Prism          Conj/Hex       21%        3d13      1%          4
 Freezing Cloud           Conj/Ice/Air   28%        6-21      1%          5
 Ignite Poison            Fire/Tmut/Pois 14%        N/A       2%          3
 Inner Flame              Hex/Fire       14%        N/A       2%          3
 Slow                     Hex            56%        N/A       3%          1
 Ensorcelled Hibernation  Hex/Ice        28%        N/A       4%          2
 Confusing Touch          Hex            14%        N/A       9%          3
 Gell's Gravitas          Tloc           14%        N/A       9%          3
 Lesser Beckoning         Tloc           14%        N/A       9%          3
 Spider Form              Tmut/Pois      14%        N/A       9%          3
 Teleport Other           Tloc           14%        N/A       9%          3
 Vampiric Draining        Necr           14%        2d7       9%          3
 Anguish                  Hex/Necr       7%         N/A       28%         4
 Animate Armour           Summ/Erth      28%        N/A       28%         4
 Animate Dead             Necr           7%         N/A       28%         4
 Cause Fear               Hex            7%         N/A       28%         4
 Summon Ice Beast         Ice/Summ       14%        N/A       28%         4
 Borgnjor's Vile Clutch   Necr/Erth      7%         N/A       61%         5
 Summon Mana Viper        Hex/Summ       14%        N/A       61%         5
 Death Channel            Necr           7%         N/A       98%         6
 Dispersal                Tloc           7%         N/A       98%         6
 Dragon Form              Tmut           7%         N/A       100%        7
 Monstrous Menagerie      Summ           7%         N/A       100%        7
 Discord                  Hex            7%         N/A       100%        8
 Dragon's Call            Summ           7%         N/A       100%        9


Dungeon Overview and Level Annotations

Branches:
Dungeon (12/15)            Temple (1/1) D:7            Lair (6/6) D:10
 Shoals (0/4) Lair:3        Snake (0/4) Lair:4        Slime (0/5) Lair:5
    Orc (2/2) D:9         Ossuary (visited)          Bailey (visited)
    Elf: Orc:2

Altars:
Ashenzari
Cheibriados
Dithmenos
Elyvilon
Fedhas
Gozag
Hepliaklqana
Kikubaaqudgha
Makhleb
Nemelex Xobeh
Okawaru
Qazlal
Ru
Sif Muna
Trog
Uskayaw
Vehumet
Wu Jian
Xom
Yredelemnul
Zin
The Shining One

Shops:
D:7 *   D:10 **([   Orc:1 *:   Orc:2 ![

Annotations:
D:12 Azrael


Innate Abilities, Weirdness & Mutations

You have a beak for a mouth.
You have claws for feet.
Your magical nature lets you fly swiftly and evasively.


Message History

The ogre shouts!
You hear two shouts!
The two-headed ogre misses you.
The two-headed ogre hits you with a +0 dire flail!
The orc warrior barely misses you.
Casting: Lightning Bolt (safe; 1% risk of failure)
Confirm with . or Enter, or press ? or * to list all spells.
Aiming: Lightning Bolt (safe; 1% risk of failure)
Press: ? - help, Shift-Dir - straight line, f - orc
Aim: an orc, wielding a +0 mace (strong, 64% to hit)
You hear a mighty clap of thunder!
The bolt of lightning hits the two-headed ogre.
The two-headed ogre is lightly wounded.
The bolt of lightning hits the orc knight!!!
The orc knight is severely wounded.
The bolt of lightning hits the orc!!
You kill the orc!
Vehumet accepts your kill.
You feel your power returning.
The bolt of lightning misses the ogre.
You hear a shout!
An ogre comes into view. It is wielding a +0 giant club.
The two-headed ogre hits you with a +0 giant club!
The two-headed ogre completely misses you.
The orc warrior hits you from afar with a +0 halberd!!
The ogre closely misses you.
The orc warrior hits you from afar with a +0 halberd!
The two-headed ogre barely misses you.
The two-headed ogre hits you but does no damage.
You fly upwards.
There is a stone staircase leading down here.
The two-headed ogre hits you with a +0 giant club!
* * * LOW HITPOINT WARNING * * *
The two-headed ogre hits you with a +0 dire flail!
* * * LOW HITPOINT WARNING * * *
Things that are here:
a +0 chain mail; a +0 dire flail; an orc skeleton
Okay, then.
As you read the scroll of teleportation, it crumbles to dust.
You feel strangely unstable.
The two-headed ogre hits you with a +0 giant club!!
You die...

##........#....................#
#.....#.......................##
##..####.#.....................#
###########.....#......#......##
⌠..∩..⌠#.#......#.............##
..≈≈≈..#.......#...............#
.≈≈≈§≈.###....#...#...........##
.≈≈≈≈§.# ##......#......).....##
.≈≈§≈≈.###......@O.....>.......#
..≈§§§.##.......[O....[....^...#
#.....####.....................#
###...###.....................##
##..#.##)........#...........#
#.....[.....................#
##.#.##...##.........[......#
#######.............##....##
#..............#.....#


You could see a two-headed ogre and an ogre.

Vanquished Creatures
  A tengu reaver (D:12)
  An orc warlord (Orc:1)
  3 dire elephants (Lair:6)
  Josephine (Lair:6)
  3 boulder beetles
  Harold (Lair:1)
  Erica (Lair:1)
  An ogre mage (Orc:2)
  8 hydras
  A centaur warrior (D:12)
  A catoblepas (Lair:5)
  4 two-headed ogres
  4 death yaks
  Urug (Lair:5)
  A deep troll earth mage (D:12)
  Nergalle (Lair:1)
  A spectral anaconda (Lair:6)
  A spectral death yak (Lair:6)
  An obsidian statue (Lair:6)
  A lindwurm (Lair:4)
  2 orc knights
  A deep elf zephyrmancer (Bailey)
  2 deep elf pyromancers (D:12)
  5 necromancers
  An oklob plant (Lair:1)
  An ugly thing (D:11)
  An orc sorcerer (Orc:2)
  A manticore (D:12)
  19 elephants
  6 black mambas
  Joseph (Lair:1)
  9 cane toads
  A torpor snail (Lair:6)
  3 rime drakes
  8 komodo dragons
  2 polar bears
  8 trolls
  Grinder (D:4)
  19 blink frogs
  6 dream sheep
  A hornet (D:10)
  A vampire (D:7)
  6 wraiths
  5 wyverns
  A shadow (D:10)
  42 yaks
  3 basilisks
  4 vampire mosquitoes
  2 death yak simulacra (Lair:6)
  2 wargs (Orc:2)
  A swamp worm (D:7)
  8 water moccasins
  An acid dragon (D:11)
  3 elephant zombies (Lair:6)
  An ice beast (D:6)
  17 orc warriors
  A sky beast (D:8)
  4 black bears
  A necrophage (D:4)
  6 ogres
  20 wolves
  3 centaurs
  11 bullfrogs
  A kobold brigand (D:6)
  2 gnoll sergeants (D:10)
  A wyvern zombie (D:6)
  2 scorpions
  A water moccasin skeleton (D:3)
  2 elephant simulacra (Lair:6)
  12 killer bees
  5 wights (D:8)
  An electric eel (Lair:1)
  A hound (D:5)
  2 centaur zombies
  14 jellies
  A human zombie (Ossuary)
  12 orc priests
  A centaur skeleton (D:5)
  2 bullfrog skeletons
  2 iguanas (D:6)
  11 orc wizards
  5 polar bear simulacra (Lair:3)
  2 wolf simulacra (Lair:3)
  2 yak simulacra (Lair:3)
  A hound skeleton (D:4)
  6 mummies (Ossuary)
  2 howler monkey zombies
  Robin (D:2)
  3 gnolls (D:10)
  7 adders
  A white imp (D:8)
  4 ufetubi
  An adder skeleton (D:4)
  2 worms (D:1)
  3 dart slugs (D:1)
  74 orcs
  9 bats
  21 endoplasms
  4 giant cockroaches
  11 goblins
  16 hobgoblins
  14 jackals
  6 kobolds
  5 quokkas
  6 ball pythons
  7 frilled lizards
  2 goblin zombies (Ossuary)
  2 hobgoblin zombies (Ossuary)
  2 kobold zombies (Ossuary)
  An orc zombie (Ossuary)
  4 rats
  2 river rat simulacra (Lair:3)
577 creatures vanquished.

Vanquished Creatures (others)
  An orc (Orc:2)
  75 fungi
  61 plants
  38 withered plants (Lair:6)
175 creatures vanquished.

Grand Total: 752 creatures vanquished

Notes
Turn   | Place    | Note
-------+----------+-------------------------------------------
     0 | D:1      | Zeld the Tengu Air Elementalist began the quest for the
                  | Orb.
     0 | D:1      | Reached XP level 1. HP: 10/10 MP: 4/4
   164 | D:1      | Reached XP level 2. HP: 14/16 MP: 0/6
   167 | D:1      | Learned a level 2 spell: Static Discharge
   671 | D:1      | Reached XP level 3. HP: 20/20 MP: 4/7
   675 | D:1      | Learned a level 3 spell: Swiftness
  1179 | D:1      | Reached skill level 1 in Fighting
  1508 | D:1      | Reached XP level 4. HP: 11/25 MP: 6/8
  1709 | D:2      | Found a faded altar of an unknown god.
  1737 | D:2      | Identified the +9 dagger "Bise" {freeze, Str+3 Stlth+}
  1870 | D:2      | Noticed Robin
  1885 | D:2      | Reached skill level 1 in Evocations
  1898 | D:2      | Killed Robin
  2124 | D:2      | You fall into a shaft and drop 1 floor!
  2178 | D:3      | Found a blossoming altar of Fedhas.
  2178 | D:3      | Found a shadowy altar of Dithmenos.
  2179 | D:3      | Found a broken altar of Ashenzari.
  2179 | D:3      | Found a sacrificial altar of Ru.
  2188 | D:3      | Reached skill level 1 in Armour
  2188 | D:3      | Gained mutation: Your magical nature lets you fly swiftly
                  | and evasively. [Tengu growth]
  2188 | D:3      | Reached XP level 5. HP: 21/29 MP: 9/9
  2378 | D:3      | Reached skill level 5 in Air Magic
  2542 | D:3      | Identified the +1 plate armour "Zuawnuz" {Dex+4}
  3249 | D:4      | Noticed Grinder
  3370 | D:4      | Noticed a necrophage
  3378 | D:4      | Killed a necrophage
  3379 | D:4      | Reached XP level 6. HP: 28/35 MP: 2/11
  3391 | D:4      | Learned a level 4 spell: Airstrike
  3957 | D:4      | Killed Grinder
  3958 | D:4      | Reached XP level 7. HP: 23/41 MP: 4/13
  4304 | D:5      | Entered Level 5 of the Dungeon
  4344 | D:5      | Reached skill level 6 in Air Magic
  4467 | D:5      | Found a sand-covered staircase.
  4474 | Ossuary  | Entered an ossuary
  5367 | D:6      | Reached XP level 8. HP: 46/46 MP: 14/14
  5407 | D:6      | Noticed a troll
  5472 | D:6      | Killed a troll
  6086 | D:6      | Reached skill level 7 in Air Magic
  6673 | D:7      | Reached XP level 9. HP: 52/52 MP: 5/17
  7004 | D:7      | Reached skill level 5 in Spellcasting
  7053 | D:7      | Found a staircase to the Ecumenical Temple.
  7064 | Temple   | Entered the Ecumenical Temple
  7131 | Temple   | Became a worshipper of Vehumet
  7277 | D:7      | Found Miriobb's General Store.
  7284 | D:7      | Bought a scroll of teleportation for 42 gold pieces
  7284 | D:7      | Bought a scroll of enchant weapon for 105 gold pieces
  7417 | D:7      | Reached skill level 5 in Fighting
  7575 | D:8      | Found a flagged portal.
  7585 | Bailey   | Entered a bailey
  7734 | Bailey   | Reached skill level 8 in Air Magic
  7756 | Bailey   | Reached skill level 5 in Conjurations
  7845 | Bailey   | Noticed an orc knight
  7952 | Bailey   | Killed an orc knight
  7953 | Bailey   | Reached XP level 10. HP: 48/60 MP: 2/19
  8046 | Bailey   | Found a large runed translucent door.
  8046 | Bailey   | Found a large runed translucent door.
  8047 | Bailey   | Noticed a deep elf zephyrmancer
  8139 | Bailey   | Killed a deep elf zephyrmancer
  8140 | Bailey   | Reached skill level 5 in Dodging
  8140 | Bailey   | Reached skill level 5 in Stealth
  8150 | Bailey   | Identified the -6 pair of boots of the Other Side {rN+}
  8786 | D:8      | Reached skill level 9 in Air Magic
  9795 | D:9      | Reached * piety under Vehumet
  9795 | D:9      | Offered knowledge of Freeze by Vehumet.
 10146 | D:9      | Found a staircase to the Orcish Mines.
 10365 | D:9      | Offered knowledge of Poisonous Vapours by Vehumet.
 10535 | D:9      | Found a transporter.
 10545 | D:9      | Found a transporter.
 10616 | D:9      | Got Wodeut Kyti's Almanac of Displaced Creation
 10864 | D:9      | Reached ** piety under Vehumet
 10882 | D:9      | Noticed a boulder beetle
 11076 | D:10     | Entered Level 10 of the Dungeon
 11302 | D:10     | Found Guziol's Armour Shop.
 11355 | D:10     | Found Uhotungo's Weapon Boutique.
 11355 | D:10     | Found Itsasch's General Store.
 11368 | D:10     | Bought a wand of paralysis (2) for 60 gold pieces
 11368 | D:10     | Bought 2 potions of curing for 90 gold pieces
 11441 | D:10     | Found Urchuduo's General Store.
 11446 | D:10     | Bought a scroll of teleportation for 42 gold pieces
 11446 | D:10     | Bought a potion of curing for 42 gold pieces
 11511 | D:10     | Noticed a two-headed ogre
 11540 | D:10     | Killed a two-headed ogre
 11541 | D:10     | Reached skill level 5 in Armour
 11672 | D:10     | Identified the +9 mace of the Hidden Suns {holy, rC++ Will+
                  | Str-3 Stlth+}
 11790 | D:10     | Reached skill level 10 in Air Magic
 11790 | D:10     | Reached XP level 11. HP: 66/66 MP: 17/22
 11878 | D:10     | Found a staircase to the Lair.
 12598 | D:10     | Found Uhotungo's Weapon Boutique.
 12598 | D:10     | Found Itsasch's General Store.
 12600 | D:10     | Found Guziol's Armour Shop.
 12888 | D:10     | Found a staircase to the Lair.
 12988 | D:10     | Found Urchuduo's General Store.
 13159 | D:11     | Reached skill level 5 in Evocations
 13828 | D:11     | Noticed a purple ugly thing
 13833 | D:11     | Killed a purple ugly thing
 13833 | D:11     | Offered knowledge of Searing Ray by Vehumet.
 14074 | D:11     | Noticed a two-headed ogre
 14079 | D:11     | Killed a two-headed ogre
 14548 | D:12     | Noticed a deep elf pyromancer
 14549 | D:12     | Noticed an orc knight
 14549 | D:12     | Noticed a deep elf pyromancer
 14551 | D:12     | Noticed a four-headed hydra
 14896 | D:12     | Killed a deep elf pyromancer
 14905 | D:12     | Killed an orc knight
 14906 | D:12     | Reached skill level 11 in Air Magic
 14927 | D:12     | Killed a four-headed hydra
 15026 | D:12     | Noticed a centaur warrior
 15028 | D:12     | Noticed a tengu reaver
 15031 | D:12     | Killed a centaur warrior
 15234 | D:12     | Killed a tengu reaver
 15235 | D:12     | Reached XP level 12. HP: 36/73 MP: 10/24
 15419 | D:12     | Noticed a two-headed ogre
 15423 | D:12     | Killed a two-headed ogre
 15488 | D:12     | Noticed a deep troll earth mage
 15494 | D:12     | Killed a deep troll earth mage
 15770 | D:12     | Noticed Azrael
 16045 | Lair:1   | Entered Level 1 of the Lair of Beasts
 16071 | Lair:1   | Noticed Nergalle
 16078 | Lair:1   | Killed Nergalle
 16859 | Lair:1   | Reached *** piety under Vehumet
 16876 | Lair:1   | Noticed Erica
 16881 | Lair:1   | Killed Erica
 16882 | Lair:1   | Reached skill level 12 in Air Magic
 16910 | Lair:1   | You are sucked into a shaft and drop 1 floor!
 17326 | Lair:2   | Noticed a five-headed hydra
 17332 | Lair:2   | Killed a five-headed hydra
 17394 | Lair:2   | Noticed a four-headed hydra
 17481 | Lair:1   | Noticed Joseph
 17486 | Lair:1   | Killed Joseph
 17500 | Lair:1   | Noticed Harold
 18053 | Lair:1   | Offered knowledge of Hailstorm by Vehumet.
 18070 | Lair:1   | Reached XP level 13. HP: 69/80 MP: 26/26
 18266 | Lair:1   | Killed Harold
 19363 | Lair:3   | Reached **** piety under Vehumet
 19732 | Lair:3   | Offered knowledge of Yara's Violent Unravelling by Vehumet.
 19760 | Lair:3   | Reached skill level 13 in Air Magic
 20059 | Lair:3   | Found a staircase to the Shoals.
 20095 | Lair:3   | HP: 1/81 [blink frog (15)]
 21534 | Lair:4   | Reached skill level 10 in Fighting
 21669 | Lair:4   | Found a staircase to the Snake Pit.
 22073 | Lair:4   | Identified the +1 tower shield "Zenor" {Drain rN+ Int+2
                  | Dex+3}
 22709 | Lair:5   | Found a staircase to the Slime Pits.
 22863 | Lair:5   | Reached XP level 14. HP: 83/88 MP: 17/28
 22943 | Lair:5   | Reached ***** piety under Vehumet
 22943 | Lair:5   | Offered knowledge of Lightning Bolt by Vehumet.
 22950 | Lair:5   | Learned a level 5 spell: Lightning Bolt
 23574 | Lair:5   | Reached skill level 14 in Air Magic
 23837 | Lair:5   | Noticed Urug
 23841 | Lair:5   | Killed Urug
 23899 | Lair:5   | Reached skill level 10 in Spellcasting
 23921 | Lair:5   | Reached skill level 10 in Conjurations
 24542 | Lair:6   | Entered Level 6 of the Lair of Beasts
 24954 | Lair:6   | Noticed Josephine
 25390 | Lair:6   | Killed Josephine
 25869 | Lair:6   | Noticed a dire elephant
 25871 | Lair:6   | Noticed a dire elephant
 25872 | Lair:6   | Noticed a dire elephant
 26028 | Lair:6   | Reached skill level 1 in Long Blades
 26284 | Lair:6   | Killed a dire elephant
 26308 | Lair:6   | Killed a dire elephant
 26408 | Lair:6   | Killed a dire elephant
 26409 | Lair:6   | Reached XP level 15. HP: 38/95 MP: 14/30
 26932 | Lair:6   | Reached skill level 15 in Air Magic
 27406 | D:10     | Bought the +7 scimitar "Killer Klown's Regret" {vorpal,
                  | Str+5 Int+4} for 869 gold pieces
 27492 | Orc:1    | Entered Level 1 of the Orcish Mines
 27636 | D:9      | Offered knowledge of Iskenderun's Battlesphere by Vehumet.
 27645 | D:9      | Learned a level 5 spell: Iskenderun's Battlesphere
 27905 | Orc:1    | Found Lyfeeg's Book Emporium.
 27998 | Orc:1    | Found a bloodstained altar of Trog.
 28065 | Orc:1    | You are sucked into a shaft and drop 1 floor!
 28065 | Orc:2    | Entered Level 2 of the Orcish Mines
 28124 | Orc:2    | Noticed an orc warlord
 28143 | Orc:2    | Found Hitep's Antique Armour Shop.
 28157 | Orc:2    | Found Migetok's Distillery.
 28169 | Orc:2    | Found a burning altar of Makhleb.
 28515 | Orc:1    | Found Jauq's Assorted Antiques.
 28525 | Orc:1    | Bought a bubbling sapphire potion for 21 gold pieces
 28525 | Orc:1    | Bought a scroll of magic mapping for 84 gold pieces
 28525 | Orc:1    | Bought 2 potions of curing for 144 gold pieces
 28525 | Orc:1    | Bought a scroll of identify for 48 gold pieces
 29072 | Orc:1    | Found Jauq's Assorted Antiques.
 29132 | Orc:1    | Killed an orc warlord
 29262 | Orc:1    | Found Lyfeeg's Book Emporium.
 29765 | Orc:2    | Paralysed by an orc sorcerer for 2 turns
 29818 | Orc:1    | HP: 3/95 [two-headed ogre/+0 giant club (14)]
 29824 | Orc:1    | Annihilated by a two-headed ogre

Illustrated notes

Levels and vault maps discovered:
D:1:      tarquinn_simple_flora_water_d, layout_loops_ring,
          minmay_misc_feat_pillars, corner_web_ring, minmay_cut_off
D:2:      layout_basic, hellmonk_ecumenical_altar_dog_temple, uniq_robin
D:3:      layout_basic, grunt_temple_overflow_open
D:4:      layout_cave_pools, uniq_grinder
D:5:      layout_cave_pools, chequers_ossuary_entry_cave
D:6:      layout_loops_cross, serial_co_window_serial, co_window_paths_b,
          co_window_corner_a, co_window_cross_1, co_window_paths_a,
          co_window_cross_1, co_window_corner_b, co_window_broadway_b,
          co_window_unsneaky_path_d, co_window_paths_e, glass_columns_a,
          glass_columns_a, glass_columns_a, glass_columns_a
D:7:      layout_loops_ring, minmay_temple_entry_junction, serial_shops, shop,
          worms_lemuel
D:8:      layout_basic, enter_bailey_2
D:9:      gammafunk_boulding_lane, layout_layer_cave, hiddenorc2_lemuel,
          kennysheep_generic_room_15
D:10:     layout_irregular_city, grunt_lair_entry_orc_guard_hut, serial_shops,
          kennysheep_little_box, nicolae_wooded_promenade, minmay_between
D:11:     layout_layer_cave
D:12:     minmay_shrinking_squares, layout_long_grid, minmay_evil_grid,
          uniq_azrael
Temple:   mainiacjoe_temple_coin_purse
Lair:1:   lemuel_slime, layout_long_grid, serial_bayou_shore_a,
          grunt_megastairs_1, infiniplex_staircase_pool, uniq_nergalle,
          uniq_erica, uniq_harold, uniq_joseph
Lair:2:   layout_cave_pods, grunt_megastairs_5
Lair:3:   layout_regular_city, elwin_shoals_entry_rocks, minmay_hedge_maze,
          chequers_serial_rivers_large_b, eino_house_with_fridge
Lair:4:   layout_regular_city, dummy_snake_entry, grunt_megastairs_3
Lair:5:   layout_cave_pods, nicolae_slime_entry_slimehenge, uniq_urug
Lair:6:   due_jungle_book, layout_small_grid, uniq_josephine
Orc:1:    layout_caves, basic_altar, serial_shops, shop, nicolae_lakefront_shop
Orc:2:    st_orc_ogre_mass, layout_diamond_mine, serial_shops,
          nicolae_shop_hallway_stairs, bloody_makhleb

Skill      XL: |  1  2  3  4  5  6  7  8  9 10 11 12 13 14 15 |
---------------+----------------------------------------------+-----
Fighting       | 1 2 3 4 5 6 8 9 10 11 | 11.6
Conjurations   | 2 3 4 5 6 7 8 9 10 | 10.9
Evocations     | 1 2 3 4 5 6 7 8 |  8.3
Armour         | 1 2 3 4 5 6 7 8 |  8.8
Air Magic      | 5 6 7 8 10 11 12 13 14 15 | 15.0
Spellcasting   | 3 4 5 6 7 8 9 10 | 10.9
Dodging        | 3 4 5 6 7 8 9 |  9.3
Stealth        | 3 4 5 6 7 8 9 |  9.2
Long Blades    | 2 3 |  3.4

Action                   |  1- 3 |  4- 6 |  7- 9 | 10-12 | 13-15 || total
-------------------------+-------+-------+-------+-------+-------++-------
Melee: Unarmed           |    13 |       |       |       |       ||    13
       Peck              |     2 |     5 |    14 |    13 |    15 ||    49
       Kick              |     9 |    19 |    13 |    14 |    30 ||    85
       Punch             |     1 |     1 |     3 |     2 |       ||     7
       Dagger            |       |    78 |    66 |    59 |       ||   203
       Mace              |       |       |       |    13 |    36 ||    49
       Scimitar          |       |       |       |       |    23 ||    23
 Cast: Shock             |    78 |    23 |    45 |    71 |    50 ||   267
       Static Discharge  |       |     8 |       |    15 |    10 ||    33
       Airstrike         |       |     8 |    78 |   260 |   244 ||   590
       Swiftness         |       |       |       |     1 |     5 ||     6
       Lightning Bolt    |       |       |       |       |   277 ||   277
       Iskenderun's Batt |       |       |       |       |     5 ||     5
Evoke: Wand              |       |       |     3 |     4 |     8 ||    15
  Use: Scroll            |       |       |     9 |     5 |     9 ||    23
       Potion            |       |       |       |     4 |     2 ||     6
 Stab: Sleeping          |       |     9 |     6 |     1 |     1 ||    17
Armor: Robe              |     7 |    26 |    15 |     5 |       ||    53
       Ring mail         |       |       |       |    66 |   124 ||   190
Dodge: Dodged            |    24 |    66 |    49 |   186 |   245 ||   570
       Repelled          |       |       |       |     2 |     3 ||     5
